 Dungeon Sprint DCSS version 0.26-a0-1184-g95e395e029 (webtiles) character file.

Game seed: 15147336309629928284

129 rocky1 the Digger (level 5, -11/41 HPs)
             Began as a Gnoll Earth Elementalist on Dec 28, 2020.
             Was an Elder of Sif Muna.
             Mangled by a black mamba (19 damage)
             ... in the Dungeon (Sprint VII: "The Pits").
             The game lasted 00:03:02 (1373 turns).

rocky1 the Digger (Gnoll Earth Elementalist)        Turns: 1373, Time: 00:03:03

Health: -11/41     AC:  2    Str: 10      XL:     5   Next: 12%
Magic:  10/13      EV: 14    Int: 19      God:    Sif Muna [****..]
Gold:   0          SH:  0    Dex: 11 (15) Spells: 12/16 levels left

rFire    . . .     SeeInvis .   n - +0 quarterstaff (speed)
rCold    . . .     Faith    .   (shield currently unavailable)
rNeg     . . .     Spirit   .   c - +0 robe
rPois    .         Reflect  .   (no helmet)
rElec    .         Harm     .   (no cloak)
rCorr    .         Rampage  .   (no gloves)
Will     .....     NoTele   +   (no boots)
Stlth    +++.......             (no amulet)
HPRegen  0.13/turn              (no ring)
MPRegen  0.13/turn              (no ring)

@: no status effects
A: distributed training, fangs 1, strong nose
a: Renounce Religion, Channel Magic, Forget Spell, Divine Exegesis


You were in the Dungeon.
You worshipped Sif Muna.
Sif Muna was greatly pleased with you.
You visited 1 branch

Inventory:

Hand Weapons
 m - a +1 long sword of flaming
 n - a +0 quarterstaff of speed (weapon)
Missiles
 b - 19 stones (quivered)
Armour
 c - a +0 robe (worn)
Scrolls
 i - a scroll of blinking
 j - 3 scrolls of remove curse
 k - 5 scrolls of amnesia
 l - a scroll of summoning
Potions
 a - 2 potions of invisibility
 d - 6 potions of curing
 e - 6 potions of heal wounds
 f - a potion of haste
 g - 4 potions of magic
 h - 3 potions of berserk rage


   Skills:
 + Level 3.2 Fighting
 + Level 3.2 Short Blades
 + Level 3.2 Long Blades
 + Level 3.2 Axes
 + Level 3.2 Maces & Flails
 + Level 3.2 Polearms
 + Level 3.2 Staves
 + Level 3.2 Slings
 + Level 3.2 Bows
 + Level 3.2 Crossbows
 + Level 3.2 Throwing
 + Level 3.2 Armour
 + Level 5.6 Dodging
 + Level 5.3 Stealth
 + Level 3.2 Shields
 + Level 3.2 Unarmed Combat
 + Level 6.0 Spellcasting
 + Level 2.6 Conjurations
 + Level 2.6 Hexes
 + Level 2.6 Summonings
 + Level 2.6 Necromancy
 + Level 2.6 Translocations
 + Level 3.4 Transmutations
 + Level 2.6 Fire Magic
 + Level 2.6 Ice Magic
 + Level 2.6 Air Magic
 + Level 6.1 Earth Magic
 + Level 2.6 Poison Magic
 + Level 3.5 Invocations
 + Level 3.2 Evocations


You had 12 spell levels left.
You knew the following spells:

 Your Spells              Type           Power        Failure   Level
a - Sandblast             Erth           58%          1%          1
b - Stone Arrow           Conj/Erth      44%          5%          3

Your spell library contained the following spells:

 Spells                   Type           Power        Failure   Level
 Passwall                 Tmut/Erth      19%          2%          2
 Petrify                  Tmut/Erth      23%          16%         4
 Lee's Rapid Deconstruct  Erth           14%          26%         5


Dungeon Overview and Level Annotations

Branches:
Dungeon (1/1)

Altars:
Ashenzari
Cheibriados
Dithmenos
Elyvilon
Fedhas
Gozag
Hepliaklqana
Kikubaaqudgha
Makhleb
Nemelex Xobeh
Okawaru
Qazlal
Ru
Sif Muna
Trog
Uskayaw
Vehumet
Wu Jian
Xom
Yredelemnul
Zin
The Shining One
Beogh
Jiyva
Lugonu


Innate Abilities, Weirdness & Mutations

Your experience applies equally to all skills.
You have very sharp teeth.
Your uncanny sense of smell can sniff out nearby items.


Message History

Casting: Sandblast (safe; 1% risk of failure)
Confirm with . or Enter, or press ? or * to list all spells.
Aiming: Sandblast (safe; 1% risk of failure)
Press: ? - help, Shift-Dir - straight line, f/p - black mamba
Aim: a black mamba (32% to evade)
The blast of sand hits the black mamba!
The black mamba is moderately wounded.
b - 20 stones The black mamba bites you! x2
* * * LOW HITPOINT WARNING * * *
Casting: Sandblast (safe; 1% risk of failure)
Confirm with . or Enter, or press ? or * to list all spells.
Aiming: Sandblast (safe; 1% risk of failure)
Press: ? - help, Shift-Dir - straight line, f/p - black mamba
Aim: a black mamba (moderately wounded, 32% to evade)
The blast of sand hits the black mamba!
The black mamba is severely wounded.
b - 19 stones The black mamba bites you!!
You die...

∆∆ ∆ ∆∆
#######++########## ∆
..............##..#
....#..#......##..#
..............''..#
..............''@S#######
....#..#......##..4......
..............##.........
#'#####''################
.....##''# .....##..#
.....##..# .<...##..# ##
.....##..#..###


You could see a rust devil and a black mamba.

Vanquished Creatures
  A crimson imp (D)
  A quasit (D)
  A worker ant (D)
  2 adders (D)
  An ufetubus (D)
  An ooze (D)
  A bat zombie (D)
  3 jackals (D)
  2 kobolds (D)
  A ball python (D)
  A quokka skeleton (D)
  A quokka zombie (D)
  2 rats (D)
18 creatures vanquished.

Notes
Turn   | Place    | Note
-------+----------+-------------------------------------------
     0 | D        | rocky1 the Gnoll Earth Elementalist began the quest for the
                  | Orb.
     0 | D        | Reached XP level 1. HP: 13/13 MP: 6/6
    47 | D        | Found a bloodstained altar of Trog.
    47 | D        | Found a shimmering blue altar of Sif Muna.
    47 | D        | Found a viscous altar of Jiyva.
    47 | D        | Found a hazy altar of Hepliaklqana.
    47 | D        | Found an opulent altar of Gozag.
    48 | D        | Found a glowing golden altar of the Shining One.
    48 | D        | Found a glowing silver altar of Zin.
    48 | D        | Found a basalt altar of Yredelemnul.
    48 | D        | Found a shimmering altar of Xom.
    48 | D        | Found an ornate altar of the Wu Jian Council.
    48 | D        | Found a sacrificial altar of Ru.
    48 | D        | Found a stormy altar of Qazlal.
    48 | D        | Found an iron altar of Okawaru.
    48 | D        | Found a sparkling altar of Nemelex Xobeh.
    48 | D        | Found a burning altar of Makhleb.
    48 | D        | Found a blossoming altar of Fedhas.
    48 | D        | Found a white marble altar of Elyvilon.
    48 | D        | Found a shadowy altar of Dithmenos.
    48 | D        | Found a snail-covered altar of Cheibriados.
   126 | D        | Found a radiant altar of Vehumet.
   126 | D        | Found a corrupted altar of Lugonu.
   126 | D        | Found a roughly hewn altar of Beogh.
   127 | D        | Found a hide-covered altar of Uskayaw.
   127 | D        | Found an ancient bone altar of Kikubaaqudgha.
   127 | D        | Found a broken altar of Ashenzari.
   129 | D        | Became a worshipper of Sif Muna the Loreminder
   249 | D        | Reached * piety under Sif Muna
   250 | D        | Reached skill level 1 in Fighting
   250 | D        | Reached skill level 1 in Short Blades
   250 | D        | Reached skill level 1 in Long Blades
   250 | D        | Reached skill level 1 in Axes
   250 | D        | Reached skill level 1 in Maces & Flails
   250 | D        | Reached skill level 1 in Polearms
   250 | D        | Reached skill level 1 in Staves
   250 | D        | Reached skill level 1 in Slings
   250 | D        | Reached skill level 1 in Bows
   250 | D        | Reached skill level 1 in Crossbows
   250 | D        | Reached skill level 1 in Throwing
   250 | D        | Reached skill level 1 in Armour
   250 | D        | Reached skill level 1 in Shields
   250 | D        | Reached skill level 1 in Unarmed Combat
   250 | D        | Reached skill level 5 in Spellcasting
   250 | D        | Reached skill level 1 in Conjurations
   250 | D        | Reached skill level 1 in Hexes
   250 | D        | Reached skill level 1 in Summonings
   250 | D        | Reached skill level 1 in Necromancy
   250 | D        | Reached skill level 1 in Translocations
   250 | D        | Reached skill level 1 in Fire Magic
   250 | D        | Reached skill level 1 in Ice Magic
   250 | D        | Reached skill level 1 in Air Magic
   250 | D        | Reached skill level 1 in Poison Magic
   250 | D        | Reached skill level 1 in Invocations
   250 | D        | Reached skill level 1 in Evocations
   250 | D        | Reached XP level 2. HP: 16/21 MP: 6/8
   319 | D        | Reached ** piety under Sif Muna
   320 | D        | Reached XP level 3. HP: 27/27 MP: 4/9
   342 | D        | Reached *** piety under Sif Muna
   343 | D        | Reached skill level 5 in Dodging
   423 | D        | Reached XP level 4. HP: 34/34 MP: 6/11
   425 | D        | Reached **** piety under Sif Muna
   463 | D        | Reached skill level 5 in Stealth
  1022 | D        | Learned a level 3 spell: Stone Arrow
  1029 | D        | Reached XP level 5. HP: 41/41 MP: 9/13
  1160 | D        | Noticed a snapping turtle
  1345 | D        | Noticed a redback
  1365 | D        | Noticed a black mamba
  1366 | D        | Noticed a rust devil
  1373 | D        | Mangled by a black mamba

Illustrated notes

Levels and vault maps discovered:
D:        pitsprint [storerooms_1, entrance_room_1, metal_vault_1, armoury_1,
          mini_pit_1, grid_room_1, main_hall_1, silver_pit, the_coven_1,
          the_vestibule_1, steel_vault_3, golden_pit, hallway_of_sentries,
          crystal_vault_6, iron_vault_4, final_vault]

Skill      XL: |  1  2  3  4 |
---------------+-------------+-----
Transmutations | 2 3 |  3.4
Fighting       | 1 2 3 |  3.2
Short Blades   | 1 2 3 |  3.2
Long Blades    | 1 2 3 |  3.2
Axes           | 1 2 3 |  3.2
Maces & Flails | 1 2 3 |  3.2
Polearms       | 1 2 3 |  3.2
Staves         | 1 2 3 |  3.2
Slings         | 1 2 3 |  3.2
Bows           | 1 2 3 |  3.2
Crossbows      | 1 2 3 |  3.2
Throwing       | 1 2 3 |  3.2
Armour         | 1 2 3 |  3.2
Shields        | 1 2 3 |  3.2
Unarmed Combat | 1 2 3 |  3.2
Spellcasting   | 5 6 |  6.0
Conjurations   | 1 2 |  2.6
Hexes          | 1 2 |  2.6
Summonings     | 1 2 |  2.6
Necromancy     | 1 2 |  2.6
Translocations | 1 2 |  2.6
Fire Magic     | 1 2 |  2.6
Ice Magic      | 1 2 |  2.6
Air Magic      | 1 2 |  2.6
Poison Magic   | 1 2 |  2.6
Invocations    | 1 2 3 |  3.5
Evocations     | 1 2 3 |  3.2
Dodging        | 5 |  5.6
Stealth        | 5 |  5.3
Earth Magic    | 6 |  6.1

Action                   |  1- 3 |  4- 6 || total
-------------------------+-------+-------++-------
Melee: Unarmed           |     5 |       ||     5
       Quarterstaff      |    17 |    22 ||    39
       Bite              |     3 |     1 ||     4
 Cast: Sandblast         |    10 |    15 ||    25
 Stab: Sleeping          |     3 |       ||     3
Armor: Robe              |     1 |    13 ||    14
Dodge: Dodged            |    23 |    56 ||    79

Table legend: (Time is in decaauts)
 A = Elapsed time spent in this place.
 B = Non-inter-level travel time spent in this place.
 C = Inter-level travel time spent in this place.
 D = Time resting spent in this place.
 E = Time spent auto-exploring this place.
 F = Levels seen in this place.
 G = Mean time per level.
                   A        B        C        D        E       F      G
               +--------+--------+--------+--------+--------+-----+--------+
         Total |   1370 |   1370 |      0 |   1018 |      0 |   1 | 1370.0 |
       Dungeon |   1370 |   1370 |      0 |   1018 |      0 |   1 | 1370.0 |
               +--------+--------+--------+--------+--------+-----+--------+

Top non-repeatable levels by time:
       D: 1370 daAuts
